[Event "Lueneburg Open-B 2019"]
[Site "Lueneburg"]
[Date "2019.08.09"]
[Round "7.18"]
[White "Rothenberg, Anke"]
[Black "Vogel, Elisabeth"]
[Result "0-1"]
[ECO "D05"]
[WhiteElo "1467"]
[BlackElo "1277"]
[Annotator "NA RC"]
[PlyCount "58"]
[EventDate "2019.08.03"]
[EventType "swiss"]
[EventCountry "GER"]
[SourceTitle "playchess.com"]
[Source "ChessBase"]
[SourceQuality "1"]
[TimeControl "40/5400+30:1800+30"]

1. d4 d5 2. Nf3 Nf6 3. e3 e6 4. Bd3 c5 5. c3 Nc6 6. Nbd2 Be7 7. O-O O-O 8. dxc5 Bxc5 9. Re1 b6 10. e4 dxe4 11. Nxe4 Nxe4 12. Rxe4 Bb7 13. Bg5 Be7 14. Bxe7 Qxe7 15. Re3 Rfd8 16. Qc2 h6 17. Rae1 Rac8 18. Qe2 Rd6 19. Bc2 Rcd8 20. g3 Qc7 21. Bd3 Ne7 22. Nd4 Qb8 23. Be4 Nd5 24. Rd3 Ba6 25. Qe3 Bxd3 26. Bxd5 Rxd5 27. Qxd3 e5 28. Re4 exd4 29. cxd4 Qd6 0-1

[Event "Lueneburg Open-B 2019"]
[Site "Lueneburg"]
[Date "2019.08.10"]
[Round "8.1"]
[White "Wiese, Uwe"]
[Black "Suliga, Eckhard"]
[Result "1-0"]
[ECO "E21"]
[WhiteElo "1737"]
[BlackElo "1682"]
[Annotator "NA"]
[PlyCount "53"]
[EventDate "2019.08.03"]
[EventType "swiss"]
[EventCountry "GER"]
[SourceTitle "playchess.com"]
[Source "ChessBase"]
[SourceQuality "1"]
[TimeControl "40/5400+30:1800+30"]

1. d4 Nf6 2. Nf3 b6 3. c4 e6 4. Nc3 Bb4 5. Bd2 Bb7 6. e3 O-O 7. Be2 Nc6 8. O-O Bxc3 9. Bxc3 Ne4 10. Qc2 Nxc3 11. Qxc3 Qf6 12. Rac1 Rac8 13. b4 Ne7 14. Qa3 a5 15. bxa5 Ra8 16. Qb3 Rxa5 17. Ne5 Rd8 18. c5 Bd5 19. Qb4 Rxa2 20. Bc4 bxc5 21. Qxc5 Bxc4 22. Qxc4 Ra7 23. Ra1 Rxa1 24. Rxa1 c6 25. Ra7 d5 26. Qc5 Rc8 27. Qxe7 1-0

[Event "Lueneburg Open-B 2019"]
[Site "Lueneburg"]
[Date "2019.08.10"]
[Round "8.2"]
[White "Gerdau, Niklas"]
[Black "Thomas, Jeremy"]
[Result "1-0"]
[ECO "E62"]
[WhiteElo "1704"]
[BlackElo "1717"]
[Annotator "NA"]
[PlyCount "59"]
[EventDate "2019.08.03"]
[EventType "swiss"]
[EventCountry "GER"]
[SourceTitle "playchess.com"]
[Source "ChessBase"]
[SourceQuality "1"]
[TimeControl "40/5400+30:1800+30"]

1. d4 Nf6 2. c4 g6 3. Nc3 Bg7 4. g3 d6 5. Bg2 O-O 6. Nf3 Na6 7. Qb3 c5 8. e3 Nc7 9. O-O a6 10. Rd1 Ne6 11. Na4 b5 12. cxb5 axb5 13. Nc3 b4 14. Ne2 Ba6 15. Nf4 Nxf4 16. exf4 Qb6 17. dxc5 Qxc5 18. Be3 Qc4 19. Nd4 Rac8 20. Qxc4 Bxc4 21. Nc6 Rc7 22. Nxb4 Rb8 23. a3 Nd7 24. Rac1 Bxb2 25. Rc2 Bxa3 26. Na6 Bxa6 27. Rxc7 Nc5 28. Ra1 Kf8 29. h3 Ne6 30. Ra7 1-0

[Event "Lueneburg Open-B 2019"]
[Site "Lueneburg"]
[Date "2019.08.10"]
[Round "8.3"]
[White "Rewerts, Ingo"]
[Black "Ische, Helmut"]
[Result "1/2-1/2"]
[ECO "D03"]
[WhiteElo "1792"]
[BlackElo "1662"]
[Annotator "NA"]
[PlyCount "124"]
[EventDate "2019.08.03"]
[EventType "swiss"]
[EventCountry "GER"]
[SourceTitle "playchess.com"]
[Source "ChessBase"]
[SourceQuality "1"]
[TimeControl "40/5400+30:1800+30"]

1. d4 Nf6 2. Nf3 d5 3. c3 Bf5 4. Bg5 Ne4 5. h4 h6 6. Bf4 e6 7. Qb3 b6 8. e3 Bd6 9. Ne5 O-O 10. f3 Nf6 11. g4 Bxb1 12. Rxb1 Nfd7 13. g5 Bxe5 14. dxe5 h5 15. Bg3 Nc6 16. f4 Ne7 17. Bd3 Nc5 18. Qc2 Nxd3+ 19. Qxd3 g6 20. Rd1 Qd7 21. Rh2 Rfd8 22. Rhd2 Kg7 23. Qa6 Qc6 24. e4 Qe8 25. Qb7 dxe4 26. Qxc7 Rxd2 27. Rxd2 Nf5 28. Bh2 Nxh4 29. Kd1 Nf3 30. Re2 Rd8+ 31. Kc1 Rd3 32. Qc4 Qd7 33. Qxe4 Rd1+ 34. Kc2 Rd2+ 35. Kc1 Rxe2 36. Qxe2 Nxh2 37. Qxh2 Qa4 38. f5 exf5 39. e6 Qe4 40. exf7 Kxf7 41. Qc7+ Qe7 42. Qc4+ Kg7 43. Qd4+ Kh7 44. Qd2 Qf7 45. Qf4 a6 46. b3 Qe7 47. Kd2 Qb7 48. a4 Qd5+ 49. Ke3 Qe4+ 50. Qxe4 fxe4 51. Kxe4 Kg7 52. b4 Kf7 53. Ke5 Ke7 54. c4 Kd7 55. Kd5 Kc7 56. Ke5 Kc6 57. Kd4 b5 58. axb5+ axb5 59. c5 Kc7 60. Kd5 Kc8 61. Ke5 Kc7 62. Kd5 Kc8 1/2-1/2

[Event "Lueneburg Open-B 2019"]
[Site "Lueneburg"]
[Date "2019.08.10"]
[Round "8.4"]
[White "Fomenkov, Alexander"]
[Black "Groth, Matthias"]
[Result "1-0"]
[ECO "B22"]
[WhiteElo "1779"]
[BlackElo "1737"]
[Annotator "NA"]
[PlyCount "105"]
[EventDate "2019.08.03"]
[EventType "swiss"]
[EventCountry "GER"]
[SourceTitle "playchess.com"]
[Source "ChessBase"]
[SourceQuality "1"]
[TimeControl "40/5400+30:1800+30"]

1. e4 c5 2. d4 cxd4 3. c3 Nc6 4. Nf3 d5 5. exd5 Qxd5 6. cxd4 Bg4 7. Nc3 Qa5 8. Bb5 e6 9. O-O Nf6 10. Qd3 Bf5 11. Qe2 a6 12. Bxc6+ bxc6 13. Ne5 Qc7 14. Qc4 c5 15. Qa4+ Nd7 16. Rd1 c4 17. Nxc4 Bd6 18. Ne5 Ra7 19. Nxd7 Qxd7 20. Qxd7+ Rxd7 21. Be3 Ke7 22. f3 Rhd8 23. Rac1 Bb4 24. g4 Bg6 25. Kf2 Bxc3 26. bxc3 Rc7 27. c4 Rdc8 28. c5 Kd7 29. Bf4 Ra7 30. Rd2 Kc6 31. Rc3 Rb7 32. Ra3 Ra8 33. Ke3 a5 34. h4 h6 35. h5 Bh7 36. g5 hxg5 37. Bxg5 Rb1 38. Rh2 Rf1 39. Be7 Re1+ 40. Kf4 Rd1 41. Ke3 Re1+ 42. Kf4 Rd1 43. Ke3 Re1+ 44. Re2 Rh1 45. Rb2 Ra6 46. Rab3 Rxh5 47. Rb6+ Rxb6 48. Rxb6+ Kd5 49. c6 e5 50. c7 exd4+ 51. Kf4 Bf5 52. Rb5+ Ke6 53. c8=Q+ {[%emt 0:11:20] Kd5} 1-0

[Event "Lueneburg Open-B 2019"]
[Site "Lueneburg"]
[Date "2019.08.10"]
[Round "8.5"]
[White "Seeber, Helmut"]
[Black "Cordsen, Heinrich"]
[Result "1/2-1/2"]
[ECO "C10"]
[WhiteElo "1580"]
[BlackElo "1685"]
[Annotator "NA"]
[PlyCount "39"]
[EventDate "2019.08.03"]
[EventType "swiss"]
[EventCountry "GER"]
[SourceTitle "playchess.com"]
[Source "ChessBase"]
[SourceQuality "1"]
[TimeControl "40/5400+30:1800+30"]

1. e4 e6 2. d4 d5 3. Nd2 dxe4 4. Nxe4 Bd7 5. Nf3 Bc6 6. Bd3 Nd7 7. O-O Ngf6 8. Qe2 Bxe4 9. Bxe4 Nxe4 10. Qxe4 c6 11. c3 Nf6 12. Qc2 Be7 13. Bf4 Nd5 14. Bg3 Bf6 15. Rfe1 O-O 16. Re2 Ne7 17. Rae1 Ng6 18. Ne5 Nxe5 19. Bxe5 Bxe5 20. Qd1 1/2-1/2

[Event "Lueneburg Open-B 2019"]
[Site "Lueneburg"]
[Date "2019.08.10"]
[Round "8.6"]
[White "Neumann, Lutz"]
[Black "Goldmann, David"]
[Result "1/2-1/2"]
[ECO "B40"]
[WhiteElo "1784"]
[BlackElo "1403"]
[Annotator "NA"]
[PlyCount "89"]
[EventDate "2019.08.03"]
[EventType "swiss"]
[EventCountry "GER"]
[SourceTitle "playchess.com"]
[Source "ChessBase"]
[SourceQuality "1"]
[TimeControl "40/5400+30:1800+30"]

1. e4 c5 2. Nf3 e6 3. d4 cxd4 4. Nxd4 Bc5 5. Nb3 Bb6 6. Nc3 Nc6 7. Bd3 Nge7 8. O-O O-O 9. Bf4 f5 10. Qd2 fxe4 11. Nxe4 d5 12. Nc3 a6 13. Rae1 Na5 14. Bg3 Nxb3 15. axb3 Ba5 16. Qg5 h6 17. Qh4 Nc6 18. Qxd8 Rxd8 19. Re2 Bd7 20. f4 Nb4 21. Bg6 Rf8 22. Rd1 Bc7 23. f5 Bb6+ 24. Bf2 Bxf2+ 25. Rxf2 Rf6 26. fxe6 Rxg6 27. exd7 Rd6 28. Rd4 a5 29. Nb5 Rxd7 30. c4 Rad8 31. Rfd2 Kf7 32. Nc3 Na6 33. Nxd5 Nc5 34. Rf4+ Kg8 35. Rf3 Kh7 36. Re2 b5 37. Nc3 bxc4 38. bxc4 Rd4 39. Rf7 Rxc4 40. Ra7 Rb8 41. Rxa5 Nd3 42. h3 Nxb2 43. Rb5 Rxb5 44. Nxb5 Rc1+ 45. Kh2 1/2-1/2

[Event "Lueneburg Open-B 2019"]
[Site "Lueneburg"]
[Date "2019.08.10"]
[Round "8.7"]
[White "Kolhoff, Manfred"]
[Black "Domschke, Stephan"]
[Result "1/2-1/2"]
[ECO "B22"]
[WhiteElo "1616"]
[BlackElo "1671"]
[Annotator "NA"]
[PlyCount "114"]
[EventDate "2019.08.03"]
[EventType "swiss"]
[EventCountry "GER"]
[SourceTitle "playchess.com"]
[Source "ChessBase"]
[SourceQuality "1"]
[TimeControl "40/5400+30:1800+30"]

1. e4 d5 2. e5 c5 3. c3 Bf5 4. d4 e6 5. Bd3 Bxd3 6. Qxd3 Nc6 7. Nf3 Qb6 8. O-O Nge7 9. Na3 Nf5 10. Nc2 Be7 11. Re1 h6 12. Rb1 O-O 13. Be3 cxd4 14. cxd4 Nb4 15. Nxb4 Bxb4 16. Rec1 Rac8 17. a3 Be7 18. b4 a6 19. h3 Nxe3 20. fxe3 Rc6 21. Rc3 Rfc8 22. Rbc1 a5 23. Rxc6 Rxc6 24. Rxc6 Qxc6 25. Qd2 axb4 26. axb4 Qc4 27. Qb2 Qxb4 28. Qc2 Qc4 29. Qb2 Bb4 30. Kf2 b5 31. Qe2 Qxe2+ 32. Kxe2 f6 33. Kd3 Kf7 34. g4 g6 35. exf6 Bd6 36. e4 dxe4+ 37. Kxe4 Kxf6 38. h4 b4 39. g5+ hxg5 40. hxg5+ Ke7 41. Nd2 Bg3 42. Nb3 Kd6 43. Na5 Bh4 44. Nc4+ Kc6 45. Ke5 Kd7 46. Kf6 Bf2 47. Kxg6 Bxd4 48. Nd2 Kd6 49. Kf7 Ke5 50. Nf3+ Ke4 51. Nxd4 Kxd4 52. g6 b3 53. g7 b2 54. g8=Q b1=Q 55. Qg4+ Qe4 56. Qxe4+ Kxe4 57. Kxe6 Kd4 {[%emt 0:13:36] Ke5+ Ke4+} 1/2-1/2

[Event "Lueneburg Open-B 2019"]
[Site "Lueneburg"]
[Date "2019.08.10"]
[Round "8.8"]
[White "Ahrens, Gunnar"]
[Black "Stolzenwald, Karl-Heinz"]
[Result "0-1"]
[ECO "A22"]
[WhiteElo "1764"]
[BlackElo "1600"]
[Annotator "NA"]
[PlyCount "86"]
[EventDate "2019.08.03"]
[EventType "swiss"]
[EventCountry "GER"]
[SourceTitle "playchess.com"]
[Source "ChessBase"]
[SourceQuality "1"]
[TimeControl "40/5400+30:1800+30"]

1. a3 e5 2. c4 Nf6 3. Nc3 c6 4. e4 Be7 5. Nf3 d6 6. Be2 Nbd7 7. O-O O-O 8. b4 h6 9. Bb2 Re8 10. Qc2 Nf8 11. d4 exd4 12. Nxd4 Ng6 13. Rad1 Bd7 14. Bc1 Qc7 15. f4 Rac8 16. Bh5 Nxh5 17. f5 Ne5 18. Nf3 Nxf3+ 19. Rxf3 Nf6 20. Rg3 Kh7 21. Qe2 Bf8 22. Bf4 Bxf5 23. c5 Nxe4 24. Nxe4 Rxe4 25. Qf3 Rce8 26. Bxh6 Bg6 27. Bf4 Re1+ 28. Rxe1 Rxe1+ 29. Kf2 Re6 30. Rh3+ Kg8 31. Qg3 Qd7 32. Qh4 f6 33. Qg4 Kf7 34. Rg3 f5 35. Qd1 d5 36. h4 Re4 37. Bg5 Qe6 38. h5 Bh7 39. Rh3 Be7 40. Bxe7 Qxe7 41. h6 g6 42. Qd2 Qe5 43. Rd3 Qf4+ 0-1

[Event "Lueneburg Open-B 2019"]
[Site "Lueneburg"]
[Date "2019.08.10"]
[Round "8.9"]
[White "Rempe, Janne"]
[Black "Buetow, Ingo"]
[Result "1/2-1/2"]
[ECO "D02"]
[WhiteElo "1594"]
[BlackElo "1747"]
[Annotator "NA"]
[PlyCount "20"]
[EventDate "2019.08.03"]
[EventType "swiss"]
[EventCountry "GER"]
[SourceTitle "playchess.com"]
[Source "ChessBase"]
[SourceQuality "1"]
[TimeControl "40/5400+30:1800+30"]

1. d4 Nf6 2. Nf3 d5 3. Bf4 g6 4. h3 Bg7 5. e3 O-O 6. c3 c5 7. Nbd2 cxd4 8. exd4 Qb6 9. b3 Nc6 10. Be2 Bf5 1/2-1/2

[Event "Lueneburg Open-B 2019"]
[Site "Lueneburg"]
[Date "2019.08.10"]
[Round "8.10"]
[White "Kasipour Azbari, Seyed Arvin"]
[Black "Raedisch, Peter"]
[Result "1-0"]
[ECO "C28"]
[WhiteElo "1765"]
[BlackElo "1595"]
[Annotator "NA"]
[PlyCount "43"]
[EventDate "2019.08.03"]
[EventType "swiss"]
[EventCountry "GER"]
[SourceTitle "playchess.com"]
[Source "ChessBase"]
[SourceQuality "1"]
[TimeControl "40/5400+30:1800+30"]

1. e4 e5 2. Nc3 Nc6 3. Bc4 Nf6 4. d3 a6 5. f4 d6 6. Nf3 Na5 7. fxe5 dxe5 8. Nxe5 Nxc4 9. Nxc4 Ng4 10. Qf3 b5 11. Ne3 h5 12. O-O Be6 13. Nf5 g6 14. Bf4 gxf5 15. exf5 Qd4+ 16. Kh1 Bc8 17. Qxa8 Nf2+ 18. Rxf2 Qxf2 19. Qxc8+ Ke7 20. Qxc7+ Ke8 21. Qc8+ Ke7 22. Nd5# 1-0

[Event "Lueneburg Open-B 2019"]
[Site "Lueneburg"]
[Date "2019.08.10"]
[Round "8.11"]
[White "Mi, Gufeng"]
[Black "Krause, Holger"]
[Result "1-0"]
[ECO "E61"]
[WhiteElo "1564"]
[BlackElo "1639"]
[Annotator "NA"]
[PlyCount "99"]
[EventDate "2019.08.03"]
[EventType "swiss"]
[EventCountry "GER"]
[SourceTitle "playchess.com"]
[Source "ChessBase"]
[SourceQuality "1"]
[TimeControl "40/5400+30:1800+30"]

1. d4 Nf6 2. Nf3 d6 3. h3 Nbd7 4. Bf4 g6 5. e3 Bg7 6. c4 O-O 7. Be2 b6 8. Nc3 Bb7 9. O-O e6 10. Rc1 Ne4 11. Nxe4 Bxe4 12. Nd2 Bb7 13. b4 e5 14. Bh2 exd4 15. exd4 Bxd4 16. Nf3 Bg7 17. Nd4 Re8 18. Nf3 Nf6 19. Ne1 Qd7 20. Nc2 Ne4 21. Qd3 Nc3 22. Bg4 f5 23. Bd1 Re7 24. Ne3 Nxd1 25. Rfxd1 Rae8 26. Qa3 a6 27. Qb3 Kf8 28. c5 Qe6 29. Qb1 Be5 30. Bxe5 dxe5 31. Qb2 b5 32. Rc2 Rd7 33. Rdc1 Bc6 34. Qa3 Be4 35. Rc3 Red8 36. Re1 Rd2 37. Qa5 Rxa2 38. Qxc7 Rd7 39. Qb8+ Ke7 40. Qh8 h5 41. Qg7+ Kd8 42. Qf8+ Kc7 43. c6 Bxc6 44. Qc5 Qd6 45. Qa7+ Kd8 46. Qb6+ Rc7 47. Rd1 Rd2 48. Rxd2 Qxd2 49. Rxc6 Qd7 50. Rd6 1-0

[Event "Lueneburg Open-B 2019"]
[Site "Lueneburg"]
[Date "2019.08.10"]
[Round "8.12"]
[White "David, Martin"]
[Black "Thomas, Vincent"]
[Result "0-1"]
[ECO "C11"]
[WhiteElo "1494"]
[BlackElo "1603"]
[Annotator "NA"]
[PlyCount "38"]
[EventDate "2019.08.03"]
[EventType "swiss"]
[EventCountry "GER"]
[SourceTitle "playchess.com"]
[Source "ChessBase"]
[SourceQuality "1"]
[TimeControl "40/5400+30:1800+30"]

1. e4 e6 2. d4 d5 3. Nc3 Nf6 4. e5 Nfd7 5. Nf3 c5 6. Ne2 Nc6 7. c3 Qb6 8. a3 f6 9. Nf4 fxe5 10. Nxe6 exd4 11. cxd4 Nde5 12. Nxg7+ Bxg7 13. Nxe5 O-O 14. Nxc6 bxc6 15. Bd3 c4 16. Bc2 Bxd4 17. Qh5 Bxf2+ 18. Kd1 Qd4+ 19. Bd2 Bg4+ 0-1

[Event "Lueneburg Open-B 2019"]
[Site "Lueneburg"]
[Date "2019.08.10"]
[Round "8.13"]
[White "Geissler, Karl-Heinz"]
[Black "Jessen, Bjarne"]
[Result "1-0"]
[ECO "D02"]
[WhiteElo "1581"]
[BlackElo "1569"]
[Annotator "NA"]
[PlyCount "89"]
[EventDate "2019.08.03"]
[EventType "swiss"]
[EventCountry "GER"]
[SourceTitle "playchess.com"]
[Source "ChessBase"]
[SourceQuality "1"]
[TimeControl "40/5400+30:1800+30"]

1. d4 Nf6 2. Nf3 c5 3. c3 d5 4. Bf4 Qb6 5. Qb3 c4 6. Qc2 Nc6 7. Nbd2 g6 8. e3 Bf5 9. Qc1 Bg7 10. h3 Ne4 11. g4 Nxd2 12. Nxd2 Bd7 13. Bg2 e6 14. e4 e5 15. exd5 exf4 16. Nxc4 Qc7 17. d6 Qd8 18. Qxf4 O-O 19. O-O-O f5 20. g5 Rc8 21. Bd5+ Kh8 22. h4 b5 23. Ne5 Nxe5 24. dxe5 Re8 25. Rhe1 b4 26. c4 Qa5 27. Kb1 Be6 28. Qh2 Qc5 29. b3 a5 30. f4 h5 31. Bxe6 Rxe6 32. Rd5 Qa7 33. Qc2 Bf8 34. Red1 Rd8 35. c5 Qb8 36. Qc4 Qb7 37. R5d4 Ree8 38. c6 Qb6 39. e6 Bg7 40. R4d2 Rxe6 41. Qxe6 Qxc6 42. Rc2 Qf3 43. Rdc1 Qxf4 44. Rc8 Rxc8 45. Rxc8+ 1-0

[Event "Lueneburg Open-B 2019"]
[Site "Lueneburg"]
[Date "2019.08.10"]
[Round "8.14"]
[White "Schencke, Guenther"]
[Black "Schulze, Lukas"]
[Result "1/2-1/2"]
[ECO "A56"]
[WhiteElo "1668"]
[BlackElo "1724"]
[Annotator "NA"]
[PlyCount "78"]
[EventDate "2019.08.03"]
[EventType "swiss"]
[EventCountry "GER"]
[SourceTitle "playchess.com"]
[Source "ChessBase"]
[SourceQuality "1"]
[TimeControl "40/5400+30:1800+30"]

1. d4 Nf6 2. c4 c5 3. e3 d6 4. Nc3 g6 5. dxc5 dxc5 6. Qxd8+ Kxd8 7. b3 Bg7 8. Bb2 b6 9. O-O-O+ Ke8 10. Nd5 Na6 11. Nxf6+ Bxf6 12. a3 Bb7 13. Nf3 Rd8 14. Be2 Nb8 15. Rxd8+ Kxd8 16. Rd1+ Ke8 17. Ne1 Nc6 18. Bf3 Bxb2+ 19. Kxb2 e6 20. Nd3 f6 21. b4 cxb4 22. axb4 Nd8 23. Bxb7 Nxb7 24. Ra1 a5 25. Kc3 axb4+ 26. Kxb4 Kd7 27. Ra7 Kc6 28. Kc3 Nc5 29. Nxc5 Kxc5 30. Rc7+ Kd6 31. Rb7 Kc6 32. Ra7 e5 33. h4 f5 34. g3 e4 35. Re7 Kd6 36. Rb7 Kc6 37. Rg7 Kd6 38. Kc2 Kc6 39. Ra7 h6 1/2-1/2

[Event "Lueneburg Open-B 2019"]
[Site "Lueneburg"]
[Date "2019.08.10"]
[Round "8.16"]
[White "Vogel, Elisabeth"]
[Black "Ramme, Georg"]
[Result "1/2-1/2"]
[ECO "B12"]
[WhiteElo "1277"]
[BlackElo "1660"]
[Annotator "NA"]
[PlyCount "73"]
[EventDate "2019.08.03"]
[EventType "swiss"]
[EventCountry "GER"]
[SourceTitle "playchess.com"]
[Source "ChessBase"]
[SourceQuality "1"]
[TimeControl "40/5400+30:1800+30"]

1. e4 c6 2. d4 d5 3. e5 Bf5 4. Nf3 e6 5. Bd3 Bxd3 6. Qxd3 Nd7 7. O-O Qb6 8. Qb3 Ne7 9. Be3 Nf5 10. Nbd2 Be7 11. Rac1 O-O 12. c4 Rfc8 13. c5 Qxb3 14. Nxb3 Nxe3 15. fxe3 a5 16. Nbd2 a4 17. Rc3 Bd8 18. Rc2 Nb8 19. Nb1 Na6 20. a3 Nc7 21. Nc3 Ra5 22. Rfc1 Nb5 23. Nxb5 Rxb5 24. Kf1 Ra8 25. Ke2 Ba5 26. Ne1 Rb3 27. Nd3 Ra6 28. h3 Bd8 29. Nb4 Ra5 30. Nd3 Rab5 31. Rd1 Ba5 32. g3 Kf8 33. Rdc1 Ke8 34. Rd1 Kd7 35. Rdc1 g5 36. Rf1 Ke8 37. Rd1 1/2-1/2

[Event "Lueneburg Open-B 2019"]
[Site "Lueneburg"]
[Date "2019.08.10"]
[Round "8.17"]
[White "Hinke, Gerhard"]
[Black "Hotz, Herbert"]
[Result "1-0"]
[ECO "B13"]
[WhiteElo "1476"]
[BlackElo "1547"]
[Annotator "NA"]
[PlyCount "61"]
[EventDate "2019.08.03"]
[EventType "swiss"]
[EventCountry "GER"]
[SourceTitle "playchess.com"]
[Source "ChessBase"]
[SourceQuality "1"]
[TimeControl "40/5400+30:1800+30"]

1. e4 c6 2. d4 d5 3. exd5 cxd5 4. Bd3 Nc6 5. c3 Qc7 6. Ne2 Nf6 7. Bf4 e5 8. dxe5 Nxe5 9. O-O Bd6 10. Bxe5 Bxe5 11. Ng3 O-O 12. Re1 Re8 13. Nd2 b6 14. Qc2 g6 15. Nf3 Bd6 16. Rxe8+ Nxe8 17. Re1 Bb7 18. Bb5 Nf6 19. Nd4 Kg7 20. Bd3 a6 21. Nf1 Rc8 22. Qe2 b5 23. a3 Qd7 24. h3 Re8 25. Qd1 Ne4 26. Bxe4 Rxe4 27. Rxe4 dxe4 28. Ne3 f5 29. Qb3 Kh6 30. Qd1 Qe8 31. Ndxf5+ 1-0

[Event "Lueneburg Open-B 2019"]
[Site "Lueneburg"]
[Date "2019.08.10"]
[Round "8.20"]
[White "Buchinger, Alexis"]
[Black "Krueger, Dietrich"]
[Result "1-0"]
[ECO "C45"]
[WhiteElo "1346"]
[BlackElo "1243"]
[Annotator "NA"]
[PlyCount "73"]
[EventDate "2019.08.03"]
[EventType "swiss"]
[EventCountry "GER"]
[SourceTitle "playchess.com"]
[Source "ChessBase"]
[SourceQuality "1"]
[TimeControl "40/5400+30:1800+30"]

1. e4 Nc6 2. Nf3 e5 3. d4 exd4 4. Nxd4 Bc5 5. Be3 d6 6. Nxc6 bxc6 7. Bxc5 dxc5 8. Qxd8+ Kxd8 9. Nc3 Rb8 10. O-O-O+ Ke7 11. Na4 Be6 12. Nxc5 Rd8 13. Nxe6 fxe6 14. Rxd8 Kxd8 15. Kd2 Nf6 16. Bd3 Kd7 17. f3 Rb8 18. b3 Kd6 19. f4 Nh5 20. Rf1 Rf8 21. Ke3 h6 22. g4 Nf6 23. e5+ Kc5 24. exf6 Rxf6 25. f5 e5 26. Ke4 Kb4 27. a4 g6 28. fxg6 Rxg6 29. Kxe5 Rxg4 30. Rf4+ Rxf4 31. Kxf4 Kc3 32. Kg4 a5 33. Kh5 c5 34. Kxh6 Kd4 35. Kg7 Ke5 36. h4 Kf4 37. h5 1-0